 Dungeon Crawl Stone Soup version 0.29-a0-284-gf9362112df (webtiles) character file.

Game seed: 5751089273147704701

259 stonesoup the Chopper (level 5, -15/66 HPs)
             Began as a Palentonga Berserker on Mar 24, 2022.
             Was a Believer of Trog.
             Blown up by a kobold (20 damage)
             ... with a mindburst bolt
             ... on level 4 of the Dungeon.
             The game lasted 00:09:59 (4673 turns).

stonesoup the Chopper (Palentonga Berserker)        Turns: 4673, Time: 00:10:00

Health: -15/66     AC:  7    Str: 22    XL:     5   Next: 94%
Magic:  5/5        EV:  9    Int:  8    God:    Trog [**....]
Gold:   114        SH:  0    Dex:  9    Spells: 4/4 levels left

rFire   + . .      SeeInvis +   s - +0 battleaxe
rCold   + . .      Faith    .   (shield currently unavailable)
rNeg    + . .      Spirit   .   l - +0 ring mail
rPois   +          Reflect  .   (no helmet)
rElec   +          Harm     .   (no cloak)
rCorr   +          Rampage  .   e - +0 pair of gloves
Will    .....      Rnd*Tele +   (no barding)
Stlth   ..........              (no amulet)
HPRegen 0.21/turn               x - ring of positive energy
MPRegen 0.09/turn               (no ring)

@: berserking, resistant, very quick
A: large, rugged brown scales 3, see invisible, deformed body, roll 1, armoured
tail, poison resistance, teleportitis 1
a: Rolling Charge, Renounce Religion, Berserk, Trog's Hand


You were on level 4 of the Dungeon.
You worshipped Trog.
Trog was pleased with you.
You visited 1 branch of the dungeon, and saw 4 of its levels.

You collected 114 gold pieces.

Inventory:

Hand Weapons
 a - a +1 hand axe
 s - a +0 battleaxe (weapon)
 u - a +0 trident
 y - a +2 dagger of holy wrath
Missiles
 f - 6 boomerangs of dispersal
 k - 5 boomerangs
 r - 2 poisoned darts
Armour
 e - a +0 pair of gloves (worn)
 l - a +0 ring mail (worn)
Jewellery
 x - a ring of positive energy (left hand)
Wands
 w - a wand of flame (9)
Scrolls
 c - 3 scrolls of identify
 d - a scroll of enchant weapon
 h - 5 scrolls of teleportation
 j - a scroll of summoning {unknown}
 o - a scroll of noise {unknown}
 q - a scroll of amnesia {unknown}
 t - a scroll of immolation {unknown}
Potions
 b - 2 potions of heal wounds {unknown}
 i - a potion of mutation
 n - a potion of degeneration {unknown}
 p - a potion of attraction {unknown}
 v - a potion of might {unknown}
 z - a potion of flight {unknown}


   Skills:
 * Level 3.9 Fighting
 * Level 5.0 Axes
 - Level 2.2 Armour
 * Level 2.8 Dodging


You had 4 spell levels left.
You didn't know any spells.
Your spell library was empty.

Dungeon Overview and Level Annotations

Branches:
Dungeon (4/15)
 Temple: D:4-7

Altars:

Annotations:
D:4 Robin


Innate Abilities, Weirdness & Mutations

You are completely covered in rugged brown scales. (AC +3, +7% HP)
You have supernaturally acute eyesight. (SInv)
Armour fits poorly on your strangely shaped body.
You can roll at nearby foes to attack.
You have a long armoured tail.
Your system is resistant to poisons. (rPois)
You are occasionally teleported next to monsters.


Message History

The orc attacks as you move away! The orc closely misses you.
The hobgoblin attacks as you move away! The hobgoblin closely misses you.
The goblin no longer looks unusually strong.
Robin throws the goblin at you! The goblin hits you with a +5 dagger.
You closely miss the hobgoblin.
Your tail-slap misses the hobgoblin.
The hobgoblin is heavily wounded.
You closely miss the goblin. The hobgoblin hits you.
* * * LOW HITPOINT WARNING * * *
Robin roars a battlecry!
The goblins go into a battle-frenzy!
The goblin closely misses you. The hobgoblin hits you.
* * * LOW HITPOINT WARNING * * *
The goblin barely misses you. Robin throws the goblin at you!
A red film seems to cover your vision as you go berserk!
You feel yourself moving faster!
You feel mighty!
The hobgoblin hits you but does no damage.
The goblin hits you with a +5 dagger.
* * * LOW HITPOINT WARNING * * *
The goblin closely misses you.
You barely miss the goblin. You slash the hobgoblin!
You kill the hobgoblin!
Trog accepts your kill.
You hit the goblin.
You kill the goblin!
Trog accepts your kill.
You slash the goblin!
You kill the goblin!
Trog accepts your kill.
You closely miss the goblin. You tail-slap the goblin.
You feel the power of Trog in you as your rage grows.
You kill the goblin!
Trog accepts your kill.
Robin says, "Bow before me, strongest of all the hobgoblins!"
The kobold hits you with a +0 flail!
* * * LOW HITPOINT WARNING * * *
You see here a +0 dagger.
You closely miss the kobold. The kobold barely misses you.
You barely miss the kobold.
Your tail-slap misses the kobold.
The kobold zaps a wand.
Your mind is blasted!
You die...

#.# #.# #)# #.# #.# #.#
##'## #.# ##..<## ###.###
##.....## ###.....#
##g......##
#.......###oJ..)....####..
#......).@Kog.......).)...
#......)###og........)##..
##......# ##g......##.....
#.###### ##.....###.....
#.# ##...## #..... #.#
##+## ###### #.# #.# #.#


You could see a jelly, Robin, 3 orcs, 3 goblins and a kobold.

Vanquished Creatures
  A jelly (D:4)
  2 hounds (D:4)
  Ijyb (D:3)
  3 adders
  An ufetubus (D:4)
  A worm (D:3)
  6 dart slugs
  7 orcs (D:3)
  5 endoplasms
  A giant cockroach (D:1)
  9 hobgoblins
  7 jackals
  3 kobolds
  3 quokkas
  4 ball pythons
  5 bats
  3 frilled lizards
  15 goblins
  6 rats
83 creatures vanquished.

Vanquished Creatures (others)
  5 toadstools (D:1)
5 creatures vanquished.

Grand Total: 88 creatures vanquished

Notes
Turn   | Place    | Note
-------+----------+-------------------------------------------
     0 | D:1      | stonesoup the Palentonga Berserker began the quest for the
                  | Orb.
     0 | D:1      | Reached XP level 1. HP: 19/19 MP: 1/1
   166 | D:1      | Reached XP level 2. HP: 11/25 MP: 2/2
   595 | D:1      | Found a faded altar of an unknown god.
  1333 | D:2      | Reached XP level 3. HP: 9/31 MP: 3/3
  2244 | D:2      | Reached XP level 4. HP: 36/37 MP: 4/4
  2300 | D:2      | Reached ** piety under Trog
  2670 | D:3      | Reached skill level 4 in Axes
  3353 | D:3      | Noticed Ijyb
  3367 | D:3      | Killed Ijyb
  3632 | D:3      | Reached XP level 5. HP: 31/43 MP: 5/5
  4641 | D:4      | Noticed Robin
  4647 | D:4      | Reached skill level 5 in Axes
  4662 | D:4      | Gained mutation: You are occasionally teleported next to
                  | monsters. [potion of mutation]
  4662 | D:4      | Gained mutation: Your mind is acute. (Int +2) [potion of
                  | mutation]
  4662 | D:4      | Lost mutation: Your mind is acute. (Int +2) [potion of
                  | mutation]
  4662 | D:4      | Gained mutation: Your system is resistant to poisons.
                  | (rPois) [potion of mutation]
  4673 | D:4      | Blown up by a kobold

Illustrated notes

Levels and vault maps discovered:
D:1:      ldierk_walled_garden, layout_basic,
          shapermc_ecumenical_altar_flowoftime
D:2:      layout_loops_ring
D:3:      layout_basic, uniq_ijyb
D:4:      layout_loops_corners, mainiacjoe_overflow_concentric_impassable,
          mainiacjoe_overflow_small_starburst, chequers_ossuary_entry_cave,
          uniq_robin

Skill      XL: |  1  2  3  4  5 |
---------------+----------------+-----
Dodging        | 2 |  2.8
Armour         | 2 |  2.2
Axes           | 4 5 |  5.0
Fighting       | |  3.9

Action                   |  1- 3 |  4- 6 || total
-------------------------+-------+-------++-------
Melee: Hand axe          |   107 |    65 ||   172
       Tailslap          |     9 |     6 ||    15
       Punch             |     1 |     2 ||     3
       Dagger            |       |     8 ||     8
       Battleaxe         |       |    63 ||    63
Invok: Berserk           |       |     2 ||     2
 Abil: Rolling Charge    |     1 |       ||     1
  Use: Scroll            |     3 |       ||     3
       Potion            |       |     3 ||     3
Armor: Animal skin       |    19 |       ||    19
       Ring mail         |    32 |    99 ||   131
Dodge: Dodged            |    60 |   110 ||   170

Table legend: (Time is in decaauts)
 A = Elapsed time spent in this place.
 B = Non-inter-level travel time spent in this place.
 C = Inter-level travel time spent in this place.
 D = Time resting spent in this place.
 E = Time spent auto-exploring this place.
 F = Levels seen in this place.
 G = Mean time per level.
                   A        B        C        D        E       F      G
               +--------+--------+--------+--------+--------+-----+--------+
         Total |   4730 |   4261 |    469 |    795 |   2397 |   4 | 1182.5 |
       Dungeon |   4730 |   4261 |    469 |    795 |   2397 |   4 | 1182.5 |
               +--------+--------+--------+--------+--------+-----+--------+

Top non-repeatable levels by time:
     D:2: 1397 daAuts
     D:3: 1356 daAuts
     D:1: 1308 daAuts
     D:4: 669 daAuts
